TOP OF THE 1ST |
---|
Oklahoma State Cowboys batting - Pitching for Florida Gators : RHP Andy Carter | Pitching: RHP Andy Carter | | Batting: RHB Derrek Lane | 0-0: Ball 1-0: Foul Ball, location: 2F 1-1: Ball 2-1: DOUBLE (Flyball, 8LD) | Batting: RHB Eddie Fisher | 0-0: Swinging Strike 0-1: Ball Wild Pitch! Derrek Lane to third 1-1: Ball 2-1: Ball 3-1: Base on Balls | Batting: SHB Jacob Lachance | 0-0: Swinging Strike 0-1: Grounds into double play, 6-4-3 (Groundball, 6) Derrek Lane scores | Batting: SHB Steve Miner | 0-0: Ball 1-0: Called Strike 1-1: Called Strike 1-2: Strikes out looking | Top of the 1st over - 1 run, 1 hit, 0 errors, 0 left on base; Oklahoma State 1 - Florida 0 | BOTTOM OF THE 1ST |
---|
Florida Gators batting - Pitching for Oklahoma State Cowboys : RHP Mike Williams | Pitching: RHP Mike Williams | | Batting: RHB Miguel Jaramillo | 0-0: Ball 1-0: Ball 2-0: Foul Ball, location: 2F 2-1: Ball 3-1: Foul Ball, location: 2F 3-2: Base on Balls | Batting: RHB Fred Byrd | 0-0: Foul Ball, location: 2F 0-1: Ball 1-1: Called Strike 1-2: Ball 2-2: Strikes out swinging | Batting: LHB Juan Salas | 0-0: Ball 1-0: Ball Wild Pitch! Miguel Jaramillo to second 2-0: Ball 3-0: Called Strike 3-1: Called Strike 3-2: Strikes out swinging | Batting: RHB Ryan Huber | 0-0: Called Strike 0-1: Ball 1-1: Foul Ball, location: 2F 1-2: Foul Ball, location: 2F 1-2: Foul Ball, location: 2F 1-2: Foul Ball, location: 2F 1-2: SINGLE (Groundball, 34S) (infield hit) Miguel Jaramillo to third | Batting: RHB Tom Robinson | 0-0: Ball 1-0: Foul Ball, location: 2F 1-1: Called Strike 1-2: Ball 2-2: Foul Ball, location: 2F 2-2: Reached on error, E6 (Groundball, 6) Miguel Jaramillo scores Ryan Huber to second | Batting: LHB Daniel Brennan | 0-0: Ball 1-0: Ground out U3 (Groundball, 34) | Bottom of the 1st over - 1 run, 1 hit, 1 error, 2 left on base; Oklahoma State 1 - Florida 1 | TOP OF THE 2ND |
---|
Oklahoma State Cowboys batting - Pitching for Florida Gators : RHP Andy Carter | Batting: SHB Ernest Hood | 0-0: Swinging Strike 0-1: Ground out 6-3 (Groundball, 6) | Batting: RHB Dennis Ingram | 0-0: Ball 1-0: Ball 2-0: Fly out, F9 (Flyball, 89M) | Batting: RHB Ricardo Toledo | 0-0: Ball 1-0: Fly out, F8 (Flyball, 8RM) | Top of the 2nd over - 0 runs, 0 hits, 0 errors, 0 left on base; Oklahoma State 1 - Florida 1 | BOTTOM OF THE 2ND |
---|
Florida Gators batting - Pitching for Oklahoma State Cowboys : RHP Mike Williams | Batting: RHB Luis Noriega | 0-0: Called Strike 0-1: Swinging Strike 0-2: Ball 1-2: Ball 2-2: Foul Ball, location: 2F 2-2: Ball 3-2: Foul Ball, location: 2F 3-2: Strikes out looking | Batting: LHB Eddie Winters | 0-0: Swinging Strike 0-1: Ball 1-1: Ball 2-1: Swinging Strike 2-2: Strikes out swinging | Batting: LHB Jorge Sánchez | 0-0: Ground out 6-3 (Groundball, 6M) | Bottom of the 2nd over - 0 runs, 0 hits, 0 errors, 0 left on base; Oklahoma State 1 - Florida 1 | TOP OF THE 3RD |
---|
Oklahoma State Cowboys batting - Pitching for Florida Gators : RHP Andy Carter | Batting: RHB Tony Swanson | 0-0: Called Strike 0-1: Foul Ball, location: 2F 0-2: Ball 1-2: Foul Ball, location: 2F 1-2: Strikes out looking | Batting: RHB Flynn Roberts | 0-0: Swinging Strike 0-1: Ball 1-1: Foul Ball, location: 2F 1-2: Ball 2-2: Foul Ball, location: 2F 2-2: Strikes out looking | Batting: RHB Derrek Lane | 0-0: Ball 1-0: Ground out U3 (Groundball, 3) | Top of the 3rd over - 0 runs, 0 hits, 0 errors, 0 left on base; Oklahoma State 1 - Florida 1 | BOTTOM OF THE 3RD |
---|
Florida Gators batting - Pitching for Oklahoma State Cowboys : RHP Mike Williams | Batting: RHB Miguel Jaramillo | 0-0: Foul Ball, location: 2F 0-1: Ball 1-1: Called Strike 1-2: Ball 2-2: Foul Ball, location: 2F 2-2: Strikes out swinging | Batting: RHB Fred Byrd | 0-0: Ball 1-0: Called Strike 1-1: Foul Ball, location: 2F 1-2: Ball 2-2: Reached on error, E5 (Groundball, 56) | Batting: LHB Juan Salas | 0-0: Called Strike 0-1: Foul Ball, location: 2F 0-2: Ball 1-2: SINGLE (Groundball, 4MD) Fred Byrd to second Runner from 2nd tries for 3rd, SAFE, no throw | Batting: RHB Ryan Huber | 0-0: Ball 1-0: Ball 2-0: SINGLE (Groundball, 6MD) Fred Byrd scores Juan Salas to second | Batting: RHB Tom Robinson | 0-0: Called Strike 0-1: Ball 1-1: Ball 2-1: Ball 3-1: Foul Ball, location: 2F 3-2: Strikes out swinging | Batting: LHB Daniel Brennan | 0-0: Ball 1-0: Ball 2-0: Foul Ball, location: 2F 2-1: Swinging Strike 2-2: Ball 3-2: SINGLE (Groundball, 34D) Juan Salas to third Ryan Huber to second Juan Salas scores Ryan Huber to third | Batting: RHB Luis Noriega | 0-0: Ball 1-0: Ground out U3 (Groundball, 3) | Bottom of the 3rd over - 2 runs, 3 hits, 1 error, 2 left on base; Oklahoma State 1 - Florida 3 | TOP OF THE 4TH |
---|
Oklahoma State Cowboys batting - Pitching for Florida Gators : RHP Andy Carter | Batting: RHB Eddie Fisher | 0-0: Called Strike 0-1: Called Strike 0-2: Ball 1-2: SOLO HOME RUN (Flyball, 78XD), Distance : 388 ft | Batting: SHB Jacob Lachance | 0-0: Called Strike 0-1: Ball 1-1: Ground out 6-3 (Groundball, 6) | Batting: SHB Steve Miner | 0-0: Ball 1-0: Swinging Strike 1-1: Foul Ball, location: 2F 1-2: Ball 2-2: Strikes out swinging | Batting: SHB Ernest Hood | 0-0: Ball 1-0: Swinging Strike 1-1: Fly out, F4 (Line Drive, 4) | Top of the 4th over - 1 run, 1 hit, 0 errors, 0 left on base; Oklahoma State 2 - Florida 3 | BOTTOM OF THE 4TH |
---|
Florida Gators batting - Pitching for Oklahoma State Cowboys : RHP Mike Williams | Batting: LHB Eddie Winters | 0-0: Ball 1-0: Ball 2-0: Called Strike 2-1: Ball 3-1: Base on Balls | Pitching: RHP Ryan Park | | Batting: LHB Jorge Sánchez | 0-0: Ball 1-0: Ball 2-0: Called Strike 2-1: Fly out, F5 (Line Drive, 5L) | Batting: RHB Miguel Jaramillo | 0-0: Ball 1-0: Called Strike 1-1: Foul Ball, location: 2F 1-2: Ball 2-2: Ball 3-2: Fly out, F4 (Popup, 4S) | Batting: RHB Fred Byrd | 0-0: Ball 1-0: Foul Ball, location: 2F 1-1: Ground out 4-3 (Groundball, 4) | Bottom of the 4th over - 0 runs, 0 hits, 0 errors, 1 left on base; Oklahoma State 2 - Florida 3 | TOP OF THE 5TH |
---|
Oklahoma State Cowboys batting - Pitching for Florida Gators : RHP Andy Carter | Batting: RHB Dennis Ingram | 0-0: Ball 1-0: Ball 2-0: Ball 3-0: Base on Balls | Batting: RHB Ricardo Toledo | 0-0: Ball 1-0: Swinging Strike 1-1: Swinging Strike 1-2: Fielders Choice at 2nd, 5-4 (Groundball, 5L) | Batting: RHB Tony Swanson | 0-0: Ball 1-0: Ball 2-0: Foul Ball, location: 2F 2-1: Ball 3-1: Foul Ball, location: 2F 3-2: Base on Balls Ricardo Toledo to second | Batting: RHB Flynn Roberts | 0-0: Ball 1-0: Called Strike 1-1: Foul Ball, location: 2F 1-2: Foul Ball, location: 2F 1-2: Ball 2-2: Strikes out looking | Batting: RHB Derrek Lane | 0-0: Ball 1-0: Ball 2-0: Ball 3-0: Called Strike 3-1: Base on Balls Ricardo Toledo to third Tony Swanson to second | Batting: RHB Eddie Fisher | 0-0: Ball 1-0: Fly out, F5 (Line Drive, 5) | Top of the 5th over - 0 runs, 0 hits, 0 errors, 3 left on base; Oklahoma State 2 - Florida 3 | BOTTOM OF THE 5TH |
---|
Florida Gators batting - Pitching for Oklahoma State Cowboys : RHP Ryan Park | Batting: LHB Juan Salas | 0-0: Foul Ball, location: 2F 0-1: Foul Ball, location: 2F 0-2: Ball 1-2: Fly out, F8 (Line Drive, 8RM) | Batting: RHB Ryan Huber | 0-0: Ball 1-0: Called Strike 1-1: Ball 2-1: Ball 3-1: Base on Balls | Batting: RHB Tom Robinson | 0-0: Called Strike 0-1: Ball Ryan Huber steals 2nd base 1-1: Ball 2-1: Ball 3-1: Base on Balls Ryan Huber steals 3rd base | Batting: LHB Daniel Brennan | 0-0: Ball 1-0: Ball 2-0: Called Strike 2-1: Ball 3-1: Base on Balls Tom Robinson to second | Batting: RHB Luis Noriega | 0-0: Called Strike 0-1: Ball 1-1: Foul Ball, location: 2F 1-2: Ball 2-2: Foul Ball, location: 2F 2-2: Foul Ball, location: 2F 2-2: Foul Ball, location: 2F 2-2: Ball 3-2: Foul Ball, location: 2F 3-2: Base on Balls Ryan Huber scores Tom Robinson to third Daniel Brennan to second | Batting: LHB Eddie Winters | 0-0: Ball 1-0: Ball 2-0: Ball 3-0: Base on Balls Tom Robinson scores Daniel Brennan to third Luis Noriega to second | Batting: LHB Jorge Sánchez | 0-0: Foul Ball, location: 2F 0-1: Ball 1-1: Called Strike 1-2: Fly out, F8 (Flyball, 8RS) Runner from 3rd tags up, SCORES, no throw | Batting: RHB Miguel Jaramillo | 0-0: Fly out, F3 (Popup, 23F) | Bottom of the 5th over - 3 runs, 0 hits, 0 errors, 2 left on base; Oklahoma State 2 - Florida 6 | TOP OF THE 6TH |
---|
Oklahoma State Cowboys batting - Pitching for Florida Gators : RHP Andy Carter | Batting: SHB Jacob Lachance | 0-0: Ball 1-0: Foul Ball, location: 2F 1-1: Ball 2-1: Ball 3-1: Base on Balls | Pitching: RHP Joe Anderson | | Batting: SHB Steve Miner | 0-0: Ball 1-0: Ball 2-0: Ball 3-0: Swinging Strike 3-1: Foul Ball, location: 2F 3-2: Strikes out swinging Jacob Lachance steals 2nd base Batter strikes out. | Batting: SHB Ernest Hood | 0-0: Ball 1-0: Called Strike 1-1: Swinging Strike 1-2: Ball 2-2: Ball 3-2: Ground out 1-3 (Groundball, 15S) | Batting: RHB Dennis Ingram | 0-0: Called Strike 0-1: Ball 1-1: Ground out 4-3 (Groundball, 4) | Top of the 6th over - 0 runs, 0 hits, 0 errors, 1 left on base; Oklahoma State 2 - Florida 6 | BOTTOM OF THE 6TH |
---|
Florida Gators batting - Pitching for Oklahoma State Cowboys : RHP Ryan Park | Pitching: RHP Fernando Castillo | | Batting: RHB Fred Byrd | 0-0: Ball 1-0: Swinging Strike 1-1: SINGLE (Line Drive, 6M) | Batting: LHB Juan Salas | 0-0: Ball 1-0: Foul Ball, location: 2F 1-1: Ball 2-1: SINGLE (Groundball, 4MD) Fred Byrd to second Runner from 2nd tries for 3rd, OUT after rundown. | Batting: RHB Ryan Huber | 0-0: Called Strike 0-1: Ball 1-1: Fly out, F6 (Popup, 6S) | Batting: RHB Tom Robinson | 0-0: Fly out, F9 (Flyball, 89S) | Bottom of the 6th over - 0 runs, 2 hits, 0 errors, 1 left on base; Oklahoma State 2 - Florida 6 | TOP OF THE 7TH |
---|
Oklahoma State Cowboys batting - Pitching for Florida Gators : RHP Joe Anderson | Batting: RHB Ricardo Toledo | 0-0: Ball 1-0: Swinging Strike 1-1: Ball 2-1: Foul Ball, location: 2F 2-2: Strikes out looking | Batting: RHB Tony Swanson | 0-0: Ball 1-0: Ball 2-0: Foul Ball, location: 2F 2-1: Ball 3-1: Base on Balls | Batting: RHB Flynn Roberts | 0-0: Ball 1-0: Ball 2-0: Foul Ball, location: 2F 2-1: Ball 3-1: Base on Balls Tony Swanson to second | Batting: RHB Derrek Lane | 0-0: Ball 1-0: Called Strike 1-1: Foul Ball, location: 2F 1-2: Ball 2-2: Ball 3-2: Base on Balls Tony Swanson to third Flynn Roberts to second | Batting: RHB Eddie Fisher | 0-0: Ball 1-0: Ball 2-0: Ball 3-0: Called Strike 3-1: Foul Ball, location: 2F 3-2: Strikes out swinging | Batting: SHB Jacob Lachance | 0-0: Called Strike 0-1: Ball 1-1: Called Strike 1-2: Foul Ball, location: 2F 1-2: Ball 2-2: Ball 3-2: Base on Balls Tony Swanson scores Flynn Roberts to third Derrek Lane to second | Batting: SHB Steve Miner | 0-0: Foul Ball, location: 2F 0-1: Ball 1-1: SINGLE (Groundball, 6MD) Flynn Roberts scores Derrek Lane to third Jacob Lachance to second Runner from 3rd tries for Home, SAFE, throw made home | Pitching: RHP Gary Vázquez | | Batting: SHB Ernest Hood | 0-0: Swinging Strike 0-1: Ball 1-1: Ball 2-1: Ball 3-1: Foul Ball, location: 2F 3-2: Ground out 4-3 (Groundball, 34) | Top of the 7th over - 3 runs, 1 hit, 0 errors, 2 left on base; Oklahoma State 5 - Florida 6 | BOTTOM OF THE 7TH |
---|
Florida Gators batting - Pitching for Oklahoma State Cowboys : RHP Fernando Castillo | Pitching: LHP Alan Stewart | | Batting: LHB Daniel Brennan | 0-0: Called Strike 0-1: Foul Ball, location: 2F 0-2: Strikes out swinging | Pitching: RHP Dan Cook | | Batting: RHB Luis Noriega | 0-0: Called Strike 0-1: Called Strike 0-2: Strikes out swinging | Batting: LHB Eddie Winters | 0-0: Ball 1-0: SOLO HOME RUN (Flyball, 9LD), Distance : 340 ft | Batting: LHB Jorge Sánchez | 0-0: Ball 1-0: Foul Ball, location: 2F 1-1: Ball 2-1: Foul Ball, location: 2F 2-2: Ground out 6-3 (Groundball, 6) | Bottom of the 7th over - 1 run, 1 hit, 0 errors, 0 left on base; Oklahoma State 5 - Florida 7 | TOP OF THE 8TH |
---|
Oklahoma State Cowboys batting - Pitching for Florida Gators : RHP Gary Vázquez | Batting: RHB Dennis Ingram | 0-0: SINGLE (Line Drive, 3) | Batting: RHB Ricardo Toledo | 0-0: Ball 1-0: Ball 2-0: Called Strike 2-1: Foul Ball, location: 2F 2-2: Foul Ball, location: 2F 2-2: Foul Ball, location: 2F 2-2: Foul Ball, location: 2F 2-2: Ball 3-2: Foul Ball, location: 2F 3-2: Foul Ball, location: 2F 3-2: Base on Balls Dennis Ingram to second | Batting: RHB Tony Swanson | 0-0: Ball 1-0: Sac Bunt - play at first, batter OUT! 2-4 Dennis Ingram to third Ricardo Toledo to second | Batting: RHB Flynn Roberts | 0-0: Called Strike 0-1: SINGLE (Line Drive, 7LS) Dennis Ingram scores Ricardo Toledo to third | Batting: RHB Derrek Lane | 0-0: Ball 1-0: Ball 2-0: Ball 3-0: Base on Balls Flynn Roberts to second | Batting: RHB Eddie Fisher | 0-0: Ball 1-0: Called Strike 1-1: Ball 2-1: Swinging Strike 2-2: Ball 3-2: Strikes out looking | Batting: SHB Jacob Lachance | 0-0: Foul Ball, location: 2F 0-1: Swinging Strike 0-2: GRAND SLAM HOME RUN (Flyball, 9LD), Distance : 319 ft | Pitching: RHP Joseph Saunders | | Batting: SHB Steve Miner | 0-0: Swinging Strike 0-1: Ball 1-1: Swinging Strike 1-2: Foul Ball, location: 2F 1-2: Ball 2-2: Ball 3-2: Base on Balls | Batting: SHB Ernest Hood | 0-0: Ball 1-0: Called Strike 1-1: SINGLE (Line Drive, 9S) Steve Miner to second Runner from 2nd tries for 3rd, SAFE, throw made to third | Batting: RHB Dennis Ingram | 0-0: Called Strike 0-1: Called Strike 0-2: Ball 1-2: Strikes out swinging | Top of the 8th over - 5 runs, 4 hits, 0 errors, 2 left on base; Oklahoma State 10 - Florida 7 | BOTTOM OF THE 8TH |
---|
Florida Gators batting - Pitching for Oklahoma State Cowboys : RHP Dan Cook | Batting: RHB Miguel Jaramillo | 0-0: Ball 1-0: Called Strike 1-1: Called Strike 1-2: Ball 2-2: Foul Ball, location: 2F 2-2: Strikes out swinging | Batting: RHB Fred Byrd | 0-0: Ball 1-0: Foul Ball, location: 2F 1-1: Swinging Strike 1-2: Ball 2-2: Ball 3-2: Base on Balls | Batting: LHB Juan Salas | 0-0: Foul Ball, location: 2F 0-1: Swinging Strike 0-2: Hit by Pitch Fred Byrd to second | Batting: RHB Ryan Huber | 0-0: Fly out, F8 (Flyball, 8LS) | Batting: RHB Tom Robinson | 0-0: Ball 1-0: 3-RUN HOME RUN (Flyball, 7LD), Distance : 314 ft | Pitching: LHP Jason Hall | | Pinch Hitting: RHB Shayne Garneau | 0-0: Called Strike 0-1: Ball 1-1: Ball 2-1: Ball 3-1: Foul Ball, location: 2F 3-2: Ground out 4-3 (Groundball, 4) | Bottom of the 8th over - 3 runs, 1 hit, 0 errors, 0 left on base; Oklahoma State 10 - Florida 10 | TOP OF THE 9TH |
---|
Oklahoma State Cowboys batting - Pitching for Florida Gators : RHP Joseph Saunders | Pitching: RHP Sacha Ouellet | | Now at 1B: Chad Aguilar | | Batting: RHB Ricardo Toledo | 0-0: Called Strike 0-1: Ball 1-1: Ball 2-1: Called Strike 2-2: Ball 3-2: Base on Balls | Batting: RHB Tony Swanson | 0-0: Bunted foul 0-1: Bunted foul 0-2: Ball 1-2: Fielders Choice at 2nd, 6-4 (Groundball, 6) | Batting: RHB Flynn Roberts | 0-0: Ball Pickoff Throw by Catcher to First - Out! 1-0: Foul Ball, location: 2F 1-1: Swinging Strike 1-2: Ball 2-2: Strikes out swinging | Top of the 9th over - 0 runs, 0 hits, 0 errors, 0 left on base; Oklahoma State 10 - Florida 10 | BOTTOM OF THE 9TH |
---|
Florida Gators batting - Pitching for Oklahoma State Cowboys : LHP Jason Hall | Pitching: RHP Keith Crabtree | | Batting: RHB Luis Noriega | 0-0: DOUBLE (Line Drive, 7LM) | Pinch Hitting: SHB Nick Ratzlaff | 0-0: Intentional Walk | Batting: LHB Jorge Sánchez | 0-0: Ball 1-0: Ball 2-0: Fly out, F9 (Flyball, 89D) Runner from 2nd tags up, SAFE at 3rd with throw | Batting: RHB Miguel Jaramillo | 0-0: Fly out, F7 (Line Drive, 5D) Runner from 3rd tags up, SCORES, no throw | Saturday, December 16th, 2017 - OOTP Baseball 18.8 Build 76 |
|